 Dungeon Crawl Stone Soup version 0.28-a0-895-g6e5f11bd55 (console) character file.

Game seed: 17507226724264159877

945 petzl the Sneak (level 8, -4/54 HPs)
             Began as an Octopode Arcane Marksman on Nov 22, 2021.
             Slain by Pikel (11 damage)
             ... on level 4 of the Dungeon.
             The game lasted 00:20:51 (5617 turns).

petzl the Sneak (Octopode Arcane Marksman)          Turns: 5617, Time: 00:20:54

Health: -4/54      AC:  5    Str:  9    XL:     8   Next: 13%
Magic:  23/23      EV: 14    Int: 17    God:
Gold:   199        SH:  0    Dex: 13    Spells: 14/15 levels left

rFire   . . .      SeeInvis .   b - +1 flail (protect)
rCold   . . .      Faith    .   (no shield)
rNeg    . . .      Spirit   .   (helmet restricted)
rPois   .          Reflect  .   (no amulet)
rElec   .          Harm     .   d - ring of willpower
rCorr   .          Rampage  .   l - ring of magical power
Will    +....                   p - +4 ring of protection
Stlth   ++++......              (no ring)
HPRegen 0.18/turn               (no ring)
MPRegen 0.18/turn               (no ring)
                                (no ring)
                                (no ring)

@: attractive
A: almost no armour, amphibious, 8 rings, camouflage 1, gelatinous body 1,
(nimble swimmer 1), tentacles
a: no special abilities


You were on level 4 of the Dungeon.
You visited 1 branch of the dungeon, and saw 5 of its levels.

You collected 199 gold pieces.

Inventory:

Hand Weapons
 a - a +0 hand crossbow
 b - a +1 flail of protection (weapon)
 n - a +0 hand axe {!f =f}
 r - a +2 dagger of protection {!f =f}
 u - a +0 scimitar
 x - a +0 dagger of venom {!f =f}
Missiles
 c - 6 bolts
 j - 2 curare-tipped darts (quivered) {!*}
 t - 2 atropa-tipped darts
 v - 10 poisoned darts
Jewellery
 d - a ring of willpower (left tentacle)
 l - a ring of magical power (right tentacle)
 p - a +4 ring of protection (on tentacle)
Scrolls
 f - 2 scrolls of teleportation {unknown}
 g - a scroll of summoning {unknown}
 k - 5 scrolls of identify {unknown}
 o - a scroll of magic mapping {unknown}
 s - a scroll of vulnerability {unknown}
Potions
 e - a potion of degeneration {unknown}
 h - a potion of might {unknown}
 i - a potion of attraction
 m - a potion of berserk rage {unknown}
 q - a potion of ambrosia {unknown}
 w - a potion of curing {unknown}


   Skills:
 + Level 3.9 Fighting
 - Level 4.0 Crossbows
 + Level 4.4 Dodging
 + Level 5.4 Stealth
 * Level 4.1 Spellcasting
 - Level 3.0 Hexes


You had 14 spell levels left.
You knew the following spells:

 Your Spells              Type           Power      Damage    Failure   Level
a - Slow                  Hex            52%        N/A       4%          1

Your spell library contained the following spells:

 Spells                   Type           Power      Damage    Failure   Level
 Inner Flame              Hex/Fire       8%         N/A       26%         3
 Portal Projectile        Hex/Tloc       16%        N/A       26%         3
 Cause Fear               Hex            6%         N/A       41%         4
 Dispersal                Tloc           1%         N/A       100%        6
 Disjunction              Tloc           1%         N/A       100%        8


Dungeon Overview and Level Annotations

Branches:
Dungeon (5/15)
 Temple: D:4-7

Altars:

Annotations:
D:4 exclusion: downstairs, Pikel, Sigmund
D:5 Grinder


Innate Abilities, Weirdness & Mutations

You cannot wear most types of armour.
You are amphibious.
You can wear up to eight rings at the same time.
Your skin changes colour to match your surroundings (Stealth+).
Your rubbery body absorbs attacks. (AC +1, EV +1)
((You are camouflaged near water. (Stealth+)))
You have tentacles for arms and can constrict up to eight enemies at once.


Message History

Pikel drinks a potion.
Pikel seems to speed up.
Pikel says, "You'll feel the lick of my whip!"
The lemure hits you.
Pikel scowls and wipes his hands on his robe.
Pikel hits you with a +2 whip of freezing!
Pikel freezes you.
Pikel hits you with a +2 whip of freezing.
Pikel freezes you.
Pikel hits you with a +2 whip of freezing!
Pikel freezes you.
Press: ? - help, v - describe, . - travel
Here: Pikel, wielding a +2 whip of freezing and wearing a +0 robe (fast)
The floor.
Unknown command.
Unknown command.
Unknown command.
Unknown command.
Okay, then.
Okay, then.
Unknown command.
Unknown command.
Throw: 3 darts (curare) {!*}
Press: ? - help, Q - select action, (/) - cycle Shift-Dir - straight line, f - Pikel
Aim: Pikel, wielding a +2 whip of freezing and wearing a +0 robe (fast, 50% to hit)
You throw a curare-tipped dart {!*}. The curare-tipped dart {!*} hits Pikel.
Pikel is poisoned.
Pikel convulses.
Pikel seems to slow down.
Pikel is moderately wounded.
Pikel hits you with a +2 whip of freezing!
* * * LOW HITPOINT WARNING * * *
Pikel freezes you.
* * * LOW HITPOINT WARNING * * *
Pikel says, "I'm sure they'll be treated well, anyway."
Pikel is no longer moving slowly.
It was a potion of attraction.
You feel attractive to monsters.
Pikel hits you with a +2 whip of freezing.
* * * LOW HITPOINT WARNING * * *
Pikel freezes you.
* * * LOW HITPOINT WARNING * * *
Pikel hits you with a +2 whip of freezing!
You die...

#.##.##.#...........# #.##.##.#..####.##..#
######## #.......#...........# #......#
####................# #.####.###
######...###.#########.#....... #)..###.#
#......##.### #.......# #.##.#.##.# ##...####
#.##.#.##.# #...# #.##......# ###
#...#########.###..#### ####### #..
#..................###### #.....# #.#
#######...#####..##.#.......... #.?...# #.#
###......[.........##.#.###...... #.....# #.#
#.......................# #...... #.5...# #.#
#.#.5.5............#..#.###...... #..5K5#
#.###5#######...#####..#.#).......... #.#
#...#.### #5...............######## #.#
###.....# ###K..#########.#### #.######.5...#
#.@.....# #.# #.#..5.........# #.#...#.#
####.#########
#....5.###.....###.#...#.####............#
#.####.# #.....##.....#.......##.#..[>...###
##.####.###.######..####..###..##.#..####....
............# ###..####..###..##......##..##
##.####.##### #...........##..####..#.....#
#.####.# #####.#.#####.#.......##..####.##
#......# #...<.#.#.....######...........#
######## #.#####.#.###..##..##)##.......#
##.## #.....#.##......########## #...#
###.#.#.##........# ###.).###
#.......#......#<#
##.......###.......##..##.#.#
#....#....##.......#####....#
#...###...##.......##..#.##.#
#....#....##.......##..#.##.#
##.#...#.###.......##.......# #.#...#.#
#.......##.#.###.#


You could see Pikel (fast, poisoned) and a lemure.

Vanquished Creatures
  A necrophage (D:4)
  A kobold brigand (D:3)
  Blork the orc (D:4)
  A scorpion (D:3)
  A water moccasin skeleton (D:4)
  A howler monkey (D:3)
  3 hounds (D:3)
  Jessica (D:2)
  An iguana (D:4)
  An orc wizard (D:3)
  A scorpion zombie (D:3)
  2 hound skeletons (D:4)
  22 gnolls (D:3)
  2 adders
  An ufetubus (D:4)
  A worm (D:3)
  A dart slug (D:2)
  22 orcs
  11 bats
  5 endoplasms
  2 giant cockroaches
  4 goblins
  6 hobgoblins
  10 jackals (D:3)
  3 kobolds
  A quokka (D:2)
  8 ball pythons
  2 frilled lizards (D:1)
  7 rats
123 creatures vanquished.

Vanquished Creatures (others)
  A plant (D:3)
1 creature vanquished.

Grand Total: 124 creatures vanquished

Notes
Turn   | Place    | Note
-------+----------+-------------------------------------------
     0 | D:1      | petzl the Octopode Arcane Marksman began the quest for the
                  | Orb.
     0 | D:1      | Reached XP level 1. HP: 13/13 MP: 2/2
   367 | D:1      | Reached XP level 2. HP: 18/18 MP: 3/3
   452 | D:1      | Reached skill level 1 in Stealth
   475 | D:1      | Found a faded altar of an unknown god.
  1035 | D:2      | Reached XP level 3. HP: 23/23 MP: 3/5
  1083 | D:2      | Noticed Jessica
  1631 | D:2      | Killed Jessica
  1632 | D:2      | Reached skill level 2 in Stealth
  1632 | D:2      | Reached XP level 4. HP: 16/29 MP: 6/6
  2916 | D:3      | Noticed a kobold brigand
  2961 | D:3      | Reached XP level 5. HP: 29/34 MP: 8/8
  3031 | D:3      | Reached skill level 3 in Stealth
  3276 | D:3      | Reached XP level 6. HP: 40/41 MP: 9/9
  3489 | D:3      | Reached skill level 4 in Stealth
  3647 | D:3      | Reached XP level 7. HP: 43/46 MP: 11/11
  4725 | D:4      | Reached skill level 5 in Stealth
  4844 | D:4      | Noticed Blork the orc
  5339 | D:5      | Entered Level 5 of the Dungeon
  5339 | D:5      | Noticed Grinder
  5358 | D:4      | Reached XP level 8. HP: 52/54 MP: 13/13
  5372 | D:4      | Noticed Sigmund
  5402 | D:4      | Killed Blork the orc
  5588 | D:4      | Noticed Pikel
  5617 | D:4      | Slain by Pikel

Illustrated notes

Levels and vault maps discovered:
D:1:      minmay_arrival_radiant_lines, layout_basic,
          shapermc_ecumenical_altar_starsandcircs, minmay_box_of_dots
D:2:      minmay_door_path, layout_loops_corners, uniq_jessica
D:3:      lemuel_castle_with_subvaults [lemuel_castle_interior_original],
          layout_basic
D:4:      layout_loops_cross, nicolae_ossuary_entry_ruins,
          eino_small_chamber_without_monster, uniq_pikel, uniq_blork_the_orc,
          uniq_sigmund
D:5:      layout_rooms, kennysheep_dice, uniq_grinder, uniq_eustachio

Skill      XL: |  1  2  3  4  5  6  7  8 |
---------------+-------------------------+-----
Stealth        | 1 2 3 4 5 |  5.4
Fighting       | 2 3 |  3.9
Spellcasting   | 2 3 4 |  4.1
Crossbows      | 3 4 |  4.0
Dodging        | 3 4 |  4.4
Hexes          | |  3.0

Action                   |  1- 3 |  4- 6 |  7- 9 || total
-------------------------+-------+-------+-------++-------
Melee: Dagger            |    15 |    27 |       ||    42
       Constrict         |     3 |    45 |    19 ||    67
       Tentacles         |     2 |    22 |    17 ||    41
       Short sword       |       |    30 |       ||    30
       Flail             |       |    92 |    75 ||   167
 Fire: Hand crossbow     |    63 |    51 |    15 ||   129
Throw: Dart              |       |       |     4 ||     4
       Throwing net      |       |       |     1 ||     1
 Cast: Slow              |       |       |     3 ||     3
  Use: Potion            |       |       |     1 ||     1
 Stab: Sleeping          |     3 |     1 |     5 ||     9
Armor: Skin              |     1 |    34 |    24 ||    59
Dodge: Dodged            |    18 |   112 |    53 ||   183

Table legend: (Time is in decaauts)
 A = Elapsed time spent in this place.
 B = Non-inter-level travel time spent in this place.
 C = Inter-level travel time spent in this place.
 D = Time resting spent in this place.
 E = Time spent auto-exploring this place.
 F = Levels seen in this place.
 G = Mean time per level.
                   A        B        C        D        E       F      G
               +--------+--------+--------+--------+--------+-----+--------+
         Total |   5722 |   5527 |    195 |   1471 |   2258 |   5 | 1144.4 |
       Dungeon |   5722 |   5527 |    195 |   1471 |   2258 |   5 | 1144.4 |
               +--------+--------+--------+--------+--------+-----+--------+

Top non-repeatable levels by time:
     D:3: 2465 daAuts
     D:2: 1514 daAuts
     D:1: 973 daAuts
     D:4: 767 daAuts
     D:5: 1 daAuts
